 Dungeon Crawl Stone Soup version 0.26-a0-662-g8b9c6dab81 (webtiles) character file.

Game seed: 11969682875402461101

81 jiml777 the Grasshopper (level 4, -4/38 HPs)
             Began as a Gnoll Warper on Oct 8, 2020.
             Slain by an iron imp (6 damage)
             ... summoned by Natasha
             ... on level 3 of the Dungeon on Oct 9, 2020.
             The game lasted 00:08:56 (2394 turns).

jiml777 the Grasshopper (Gnoll Warper)              Turns: 2394, Time: 00:08:57

Health: -4/38      AC:  4    Str: 13    XL:     4   Next: 40%
Magic:  20/20      EV: 15    Int: 16    God:
Gold:   44         SH:  0    Dex: 15    Spells: 13/13 levels left

rFire    . . .     SeeInvis .   a - +0 spear
rCold    . . .     Faith    .   (no shield)
rNeg     . . .     Spirit   .   t - +2 robe {MR+}
rPois    .         Reflect  .   (no helmet)
rElec    .         Harm     .   (no cloak)
rCorr    .         Rampage  .   (no gloves)
MR       +....                  (no boots)
Stlth    ++........             i - amulet of magic regeneration
HPRegen  0.12/turn              r - ring of magical power
MPRegen  0.42/turn              (no ring)

@: no status effects
A: distributed training, fangs 1, strong nose
a: no special abilities


You were on level 3 of the Dungeon.
You visited 1 branch of the dungeon, and saw 3 of its levels.

You collected 44 gold pieces.

Inventory:

Hand Weapons
 a - a +0 spear (weapon)
Missiles
 e - 5 boomerangs of dispersal
 f - 41 sling bullets
 j - 27 poisoned darts (quivered)
 u - 20 arrows
Armour
 b - a +0 leather armour
 l - a +0 plate armour
 t - a +2 robe of magic resistance (worn)
Jewellery
 i - an amulet of magic regeneration (around neck)
 r - a ring of magical power (left hand)
Scrolls
 c - a scroll of remove curse {unknown}
 d - a scroll of blinking
 g - 2 scrolls of identify {unknown}
 k - 3 scrolls of teleportation {unknown}
 n - 2 scrolls of fog {unknown}
 o - a scroll of amnesia {unknown}
 v - a scroll of fear {unknown}
Potions
 h - 2 potions of brilliance {unknown}
 m - a potion of degeneration {unknown}
 p - a potion of berserk rage {unknown}
 q - 3 potions of haste {unknown}
 s - 2 potions of flight {unknown}
 w - a potion of might {unknown}


   Skills:
 + Level 4.6 Fighting
 + Level 1.1 Short Blades
 + Level 1.1 Long Blades
 + Level 1.1 Axes
 + Level 1.1 Maces & Flails
 + Level 4.6 Polearms
 + Level 1.1 Staves
 + Level 1.1 Slings
 + Level 1.1 Bows
 + Level 1.1 Crossbows
 + Level 2.7 Throwing
 + Level 2.7 Armour
 + Level 4.6 Dodging
 + Level 1.1 Stealth
 + Level 1.1 Shields
 + Level 1.1 Unarmed Combat
 + Level 5.1 Spellcasting
 + Level 0.9 Conjurations
 + Level 0.9 Hexes
 + Level 0.9 Summonings
 + Level 0.9 Necromancy
 + Level 5.4 Translocations
 + Level 0.9 Transmutations
 + Level 0.9 Fire Magic
 + Level 0.9 Ice Magic
 + Level 0.9 Air Magic
 + Level 0.9 Earth Magic
 + Level 0.9 Poison Magic
 + Level 1.2 Invocations
 + Level 1.1 Evocations


You had 13 spell levels left.
You didn't know any spells.
Your spell library contained the following spells:

 Spells                   Type           Power        Failure   Level
 Blink                    Tloc           N/A          2%          2
 Gell's Gravitas          Tloc           ###.......   4%          3
 Lesser Beckoning         Tloc           ###.......   4%          3
 Teleport Other           Tloc           ###.....     4%          3
 Passage of Golubria      Tloc           N/A          16%         4


Dungeon Overview and Level Annotations

Branches:
Dungeon (3/15)

Altars:
Cheibriados
Elyvilon

Annotations:
D:3 Natasha


Innate Abilities, Weirdness & Mutations

Your experience applies equally to all skills.
You have very sharp teeth.
Your uncanny sense of smell can sniff out nearby items.


Message History

Natasha is severely wounded.
The bat misses you. The iron imp hits you. The iron imp barely misses you.
You barely miss Natasha.
Natasha is severely wounded.
The bat hits you but does no damage.
Natasha howls an incantation.
You feel disoriented.
Natasha stares at you and mumbles some strange words.
The magic dart hits you! The bat closely misses you. The iron imp hits you.
The iron imp grins evilly.
The iron imp misses you.
You barely miss Natasha.
Natasha is severely wounded.
The bat closely misses you. Natasha claws you. The bat misses you.
The iron imp hits you!
* * * LOW HITPOINT WARNING * * *
You hit Natasha.
Natasha is almost dead.
The bat completely misses you. The iron imp hits you.
You die...

#. #.# ... #.# .# #
#.########### #.# .# .
............# #.# .#.#
....##..###.#####.####.#.#
............... .........
..#.##..###.#####b.....# .#
..#..#..###....##†###.####.##
...#.#.#......5h@5...........
...#.#.#.......5.####.###.###.
#..#.#.####......# ##.........
...#.#.####......# #......###.
...#.#.#......#..# #......#
##...#........##.###......#
##.####.......##..##......#
..)...........##..##......#
.#.####.##..........#'###.#


You could see 2 iron imps, Natasha, a crimson imp (summoned) and a bat.

Vanquished Creatures
  Natasha (D:3)
  An adder (D:2)
  A worm (D:2)
  A dart slug (D:2)
  A leopard gecko (D:3)
  2 giant cockroaches (D:2)
  8 goblins
  A hobgoblin (D:1)
  6 jackals (D:1)
  10 kobolds
  5 bats
  2 rats (D:3)
39 creatures vanquished.

Notes
Turn   | Place    | Note
-------+----------+-------------------------------------------
     0 | D:1      | jiml777 the Gnoll Warper began the quest for the Orb.
     0 | D:1      | Reached XP level 1. HP: 20/20 MP: 6/6
   368 | D:1      | Reached XP level 2. HP: 16/26 MP: 7/7
   970 | D:1      | Upgraded the game from 0.26-a0-661-g406de6ba63 to
                  | 0.26-a0-662-g8b9c6dab81
  1208 | D:1      | Reached XP level 3. HP: 27/31 MP: 9/9
  1397 | D:2      | Found a snail-covered altar of Cheibriados.
  1408 | D:2      | Reached skill level 5 in Spellcasting
  1746 | D:2      | Reached skill level 1 in Invocations
  1889 | D:2      | Found a white marble altar of Elyvilon.
  1985 | D:2      | Reached skill level 1 in Short Blades
  1985 | D:2      | Reached skill level 1 in Long Blades
  1985 | D:2      | Reached skill level 1 in Axes
  1985 | D:2      | Reached skill level 1 in Maces & Flails
  1985 | D:2      | Reached skill level 1 in Staves
  1985 | D:2      | Reached skill level 1 in Slings
  1985 | D:2      | Reached skill level 1 in Bows
  1985 | D:2      | Reached skill level 1 in Crossbows
  1985 | D:2      | Reached skill level 1 in Stealth
  1985 | D:2      | Reached skill level 1 in Shields
  1985 | D:2      | Reached skill level 1 in Unarmed Combat
  1985 | D:2      | Reached skill level 1 in Evocations
  2331 | D:3      | Noticed Natasha
  2345 | D:3      | Killed Natasha
  2345 | D:3      | Reached XP level 4. HP: 38/38 MP: 11/11
  2378 | D:3      | Noticed Natasha
  2394 | D:3      | Slain by an iron imp

Illustrated notes

Levels and vault maps discovered:
D:1:      dpeg_arrival_oval, layout_basic, bh_walls_and_bars
D:2:      layout_basic, nicolae_overflow_hidden_temple, cheibriados_altar_1
D:3:      layout_basic, zin_treasury, serial_co_window_serial,
          co_window_corner_a, co_window_cross_1, co_window_corner_a,
          co_window_of_opportunity_a, co_window_paths_a,
          co_window_of_opportunity_a, co_window_paths_a,
          co_window_of_opportunity_c, co_window_2corner,
          co_window_of_opportunity_c, glass_columns_a, minivault_26, uniq_ijyb,
          uniq_natasha, uniq_sigmund

Skill      XL: |  1  2  3 |
---------------+----------+-----
Spellcasting   | 5 |  5.1
Invocations    | 1 |  1.2
Short Blades   | 1 |  1.1
Long Blades    | 1 |  1.1
Axes           | 1 |  1.1
Maces & Flails | 1 |  1.1
Staves         | 1 |  1.1
Slings         | 1 |  1.1
Bows           | 1 |  1.1
Crossbows      | 1 |  1.1
Stealth        | 1 |  1.1
Shields        | 1 |  1.1
Unarmed Combat | 1 |  1.1
Evocations     | 1 |  1.1
Fighting       | |  4.6
Polearms       | |  4.6
Throwing       | |  2.7
Armour         | |  2.7
Dodging        | |  4.6
Conjurations   | |  0.9
Hexes          | |  0.9
Summonings     | |  0.9
Necromancy     | |  0.9
Translocations | |  5.4
Transmutations | |  0.9
Fire Magic     | |  0.9
Ice Magic      | |  0.9
Air Magic      | |  0.9
Earth Magic    | |  0.9
Poison Magic   | |  0.9

Action                   |  1- 3 |  4- 6 || total
-------------------------+-------+-------++-------
Melee: Spear             |   151 |    24 ||   175
       Bite              |    14 |     1 ||    15
Throw: Dart              |     1 |       ||     1
 Stab: Sleeping          |     1 |       ||     1
Armor: Leather armour    |    19 |       ||    19
       Plate armour      |    66 |       ||    66
       Robe              |     4 |     7 ||    11
Dodge: Dodged            |    63 |    23 ||    86

Table legend: (Time is in decaauts)
 A = Elapsed time spent in this place.
 B = Non-inter-level travel time spent in this place.
 C = Inter-level travel time spent in this place.
 D = Time resting spent in this place.
 E = Time spent auto-exploring this place.
 F = Levels seen in this place.
 G = Mean time per level.
                   A        B        C        D        E       F      G
               +--------+--------+--------+--------+--------+-----+--------+
         Total |   2371 |   2311 |     60 |    220 |   1463 |   3 |  790.3 |
       Dungeon |   2371 |   2311 |     60 |    220 |   1463 |   3 |  790.3 |
               +--------+--------+--------+--------+--------+-----+--------+

Top non-repeatable levels by time:
     D:1: 1318 daAuts
     D:2: 952 daAuts
     D:3: 101 daAuts
